[ AOE2 MATCH · #495762211 ]
UnrankedCelts vs Dravidians
Player's team · LOSS
[ REPLAY ANALYSIS · EXTRACTED FROM THE RECORDED GAME ]
Feudal
13:26
Castle
17:30
Imperial
33:40
| APM avg | 53.7 |
| APM peak | 108 |
| eAPM avg | 20.0 |
| Villagers / military | 166 / 245 |
Focus
⚔️ 20.4% · 🌾 79.6%
Militia ×119 · Skirmisher ×40 · Scorpion ×36 · Spearman ×36 · Knight ×5 · Trebuchet (Packed) ×4
Feudal
10:31
Castle
17:21
Imperial
34:52
| APM avg | 26.0 |
| APM peak | 98 |
| eAPM avg | 14.8 |
| Villagers / military | 130 / 378 |
Focus
⚔️ 29.7% · 🌾 70.3%
Militia ×327 · Spearman ×48 · Monk ×3
Match map
Initial resources + every placement click. Lines = walls · curves = elevation contours. ◆ gold · ⬟ stone · ● berries · ✦ relic · ◌ wall gap
Your base· ✓ Closed at 17:30 · 0t walls · 2 gate(s)
Shanks ehh's base· ✓ Closed at 17:21 · 0t walls · 2 gate(s)
Smoothed initial terrain · ◌ = detected wall gap · hover for details
Inputs per minute
— Lord6 - - Shanks ehh
Build order — Lord6
First 150 of 434 actions detected
| 0:01 | Queue | Villager (Male) |
| 0:02 | Build | House |
| 0:03 | Build | House |
| 0:08 | Queue | Villager (Male) |
| 0:09 | Queue | Villager (Male) |
| 0:09 | Queue | Villager (Male) |
| 1:28 | Queue | Villager (Male) |
| 1:28 | Queue | Villager (Male) |
| 1:57 | Build | Lumber Camp |
| 2:02 | Queue | Villager (Male) |
| 2:02 | Queue | Villager (Male) |
| 2:28 | Queue | Villager (Male) |
| 2:34 | Queue | Villager (Male) |
| 2:34 | Queue | Villager (Male) |
| 3:10 | Queue | Villager (Male) |
| 3:34 | Queue | Villager (Male) |
| 3:48 | Build | House |
| 4:02 | Queue | Villager (Male) |
| 4:02 | Queue | Villager (Male) |
| 4:12 | Queue | Villager (Male) |
| 4:12 | Queue | Villager (Male) |
| 4:41 | Queue | Villager (Male) |
| 4:55 | Queue | Villager (Male) |
| 4:55 | Queue | Villager (Male) |
| 5:06 | Build | Mill |
| 5:25 | Queue | Villager (Male) |
| 5:47 | Queue | Villager (Male) |
| 5:54 | Build | House |
| 5:55 | Build | House |
| 6:22 | Queue | Villager (Male) |
| 6:26 | Build | Farm |
| 6:31 | Build | Farm |
| 6:32 | Build | Farm |
| 6:35 | Build | Farm |
| 6:43 | Queue | Villager (Male) |
| 7:18 | Queue | Villager (Male) |
| 7:31 | Queue | Villager (Male) |
| 7:32 | Queue | Villager (Male) |
| 7:58 | Queue | Villager (Male) |
| 8:02 | Build | Farm |
| 8:09 | Queue | Villager (Male) |
| 8:09 | Queue | Villager (Male) |
| 8:23 | Build | Farm |
| 8:40 | Queue | Villager (Male) |
| 8:48 | Build | Farm |
| 8:53 | Queue | Villager (Male) |
| 8:59 | Queue | Villager (Male) |
| 8:59 | Queue | Villager (Male) |
| 9:17 | Build | Farm |
| 9:23 | Queue | Villager (Male) |
| 9:41 | Build | Farm |
| 9:46 | Research | Loom |
| 10:07 | Build | Mining Camp |
| 11:13 | Research | Feudal Age |
| 11:13 | Research | Feudal Age |
| 11:44 | Build | House |
| 11:45 | Build | House |
| 11:46 | Build | House |
| 13:03 | Build | Barracks |
| 13:26 | Age | Feudal Age |
| 13:26 | Research | Wheelbarrow |
| 13:34 | Build | Market |
| 13:37 | Build | Blacksmith |
| 14:17 | Build | Farm |
| 14:19 | Build | Farm |
| 14:50 | Research | Castle Age |
| 14:50 | Research | Castle Age |
| 15:20 | Research | Horse Collar |
| 15:44 | Research | Double-Bit Axe |
| 15:54 | Queue | Spearman |
| 16:03 | Queue | Spearman |
| 16:12 | Queue | Spearman |
| 16:20 | Queue | Spearman |
| 16:28 | Queue | Spearman |
| 16:39 | Queue | Villager (Male) |
| 16:51 | Queue | Villager (Male) |
| 16:52 | Queue | Villager (Male) |
| 17:02 | Queue | Villager (Male) |
| 17:30 | Age | Castle Age |
| 17:33 | Build | Town Center |
| 17:38 | Build | Town Center |
| 17:49 | Build | Monastery |
| 17:52 | Research | Pikeman (upgrade) |
| 18:16 | Queue | Villager (Male) |
| 18:33 | Queue | Monk |
| 18:38 | Queue | Villager (Male) |
| 18:52 | Queue | Villager (Male) |
| 18:52 | Queue | Villager (Male) |
| 19:06 | Queue | Villager (Male) |
| 19:11 | Build | Farm |
| 19:12 | Build | Farm |
| 19:12 | Build | Farm |
| 19:13 | Build | Farm |
| 19:14 | Build | Farm |
| 19:35 | Queue | Villager (Male) |
| 19:44 | Build | Stable |
| 19:51 | Queue | Villager (Male) |
| 19:52 | Queue | Villager (Male) |
| 19:52 | Queue | Villager (Male) |
| 19:53 | Queue | Villager (Male) |
| 20:00 | Build | House |
| 20:01 | Build | House |
| 20:01 | Build | House |
| 20:20 | Queue | Knight |
| 20:31 | Queue | Villager (Male) |
| 20:32 | Queue | Villager (Male) |
| 20:32 | Queue | Villager (Male) |
| 20:37 | Build | Farm |
| 20:48 | Queue | Villager (Male) |
| 21:06 | Queue | Knight |
| 21:11 | Queue | Villager (Male) |
| 21:28 | Queue | Monk |
| 21:33 | Queue | Villager (Male) |
| 21:33 | Queue | Villager (Male) |
| 21:34 | Queue | Villager (Male) |
| 21:43 | Build | Farm |
| 21:44 | Build | Farm |
| 21:45 | Build | Farm |
| 21:46 | Build | Farm |
| 21:46 | Build | Farm |
| 21:50 | Build | Farm |
| 21:51 | Build | Farm |
| 21:52 | Build | Farm |
| 21:57 | Queue | Villager (Male) |
| 21:59 | Build | House |
| 21:59 | Build | House |
| 22:00 | Build | House |
| 22:01 | Build | House |
| 22:13 | Queue | Villager (Male) |
| 22:14 | Queue | Villager (Male) |
| 22:14 | Queue | Villager (Male) |
| 22:27 | Queue | Villager (Male) |
| 22:28 | Queue | Villager (Male) |
| 22:29 | Queue | Villager (Male) |
| 22:39 | Queue | Villager (Male) |
| 22:44 | Build | Farm |
| 22:44 | Build | Farm |
| 22:46 | Build | Farm |
| 22:46 | Build | Farm |
| 22:47 | Build | Farm |
| 22:52 | Queue | Villager (Male) |
| 22:53 | Queue | Villager (Male) |
| 22:57 | Queue | Villager (Male) |
| 23:05 | Build | Mining Camp |
| 23:21 | Queue | Villager (Male) |
| 23:22 | Queue | Villager (Male) |
| 23:22 | Queue | Villager (Male) |
| 23:22 | Queue | Villager (Male) |
| 23:38 | Queue | Knight |
| 23:38 | Queue | Knight |
Build order — Shanks ehh
First 150 of 347 actions detected
| 0:01 | Queue | Villager (Male) ×4 |
| 0:03 | Build | House |
| 0:05 | Build | House |
| 1:27 | Queue | Villager (Male) |
| 1:53 | Queue | Villager (Male) |
| 1:57 | Build | Lumber Camp |
| 2:11 | Queue | Villager (Male) |
| 2:28 | Queue | Villager (Male) |
| 3:18 | Queue | Villager (Male) |
| 3:20 | Queue | Villager (Male) |
| 3:26 | Build | House |
| 4:05 | Queue | Villager (Male) |
| 4:16 | Queue | Villager (Male) |
| 4:18 | Build | Mill |
| 4:21 | Queue | Villager (Male) |
| 5:14 | Queue | Villager (Male) ×3 |
| 5:55 | Build | House |
| 6:00 | Queue | Villager (Male) |
| 6:08 | Queue | Villager (Male) ×3 |
| 6:23 | Build | Lumber Camp |
| 6:25 | Queue | Villager (Male) |
| 7:27 | Queue | Villager (Male) |
| 8:01 | Build | Mining Camp |
| 8:16 | Research | Feudal Age |
| 8:25 | Build | House |
| 8:26 | Build | House |
| 8:27 | Build | House |
| 9:19 | Build | House |
| 9:42 | Queue | Villager (Male) |
| 9:43 | Queue | Villager (Male) |
| 10:31 | Age | Feudal Age |
| 10:32 | Research | Double-Bit Axe |
| 10:42 | Build | Market |
| 10:49 | Build | Blacksmith |
| 10:59 | Queue | Villager (Male) |
| 11:25 | Queue | Villager (Male) |
| 11:59 | Queue | Villager (Male) |
| 12:24 | Queue | Villager (Male) |
| 12:31 | Queue | Villager (Male) |
| 12:42 | Build | Farm |
| 12:42 | Build | Farm |
| 12:42 | Build | Farm |
| 12:42 | Build | Farm |
| 12:43 | Build | Farm |
| 12:43 | Build | Farm |
| 12:43 | Build | Farm |
| 12:44 | Build | Farm |
| 13:04 | Queue | Villager (Male) |
| 13:09 | Build | Farm |
| 13:10 | Build | Farm |
| 13:10 | Build | Farm |
| 13:13 | Build | Farm |
| 13:15 | Build | Farm |
| 13:33 | Build | Farm |
| 13:41 | Research | Loom |
| 13:55 | Build | Farm |
| 14:08 | Queue | Villager (Male) |
| 14:16 | Build | Barracks |
| 14:20 | Build | Barracks |
| 14:40 | Research | Castle Age |
| 15:07 | Research | Man-at-Arms (upgrade) |
| 15:20 | Research | Horse Collar |
| 15:41 | Queue | Militia ×2 |
| 15:52 | Queue | Militia |
| 15:58 | Queue | Militia |
| 16:22 | Queue | Militia ×2 |
| 16:38 | Research | Gold Mining |
| 16:53 | Queue | Militia |
| 16:57 | Queue | Villager (Male) |
| 17:21 | Age | Castle Age |
| 17:23 | Research | Wheelbarrow |
| 17:42 | Research | Long Swordsman (upgrade) |
| 17:46 | Build | Town Center |
| 17:52 | Build | Town Center |
| 18:18 | Queue | Villager (Male) |
| 18:19 | Queue | Villager (Male) |
| 18:37 | Queue | Militia ×4 |
| 19:09 | Queue | Villager (Male) ×3 |
| 19:10 | Queue | Villager (Male) |
| 19:25 | Queue | Villager (Male) |
| 19:37 | Queue | Villager (Male) |
| 19:58 | Queue | Villager (Male) ×3 |
| 20:01 | Build | Monastery |
| 20:25 | Research | Squires |
| 20:31 | Queue | Villager (Male) ×3 |
| 20:34 | Build | House |
| 20:35 | Build | House |
| 20:36 | Build | House |
| 20:38 | Build | House |
| 20:38 | Build | House |
| 20:39 | Build | House |
| 20:40 | Build | House |
| 20:40 | Build | House |
| 20:40 | Build | House |
| 20:41 | Build | House |
| 20:41 | Build | House |
| 20:45 | Queue | Villager (Male) |
| 21:05 | Queue | Villager (Male) ×3 |
| 21:23 | Build | Farm |
| 21:24 | Build | Farm |
| 21:25 | Build | Farm |
| 21:26 | Build | Farm |
| 21:32 | Queue | Villager (Male) ×2 |
| 21:45 | Queue | Villager (Male) ×2 |
| 21:51 | Queue | Monk |
| 21:52 | Queue | Monk |
| 22:03 | Research | Pikeman (upgrade) |
| 22:07 | Queue | Villager (Male) |
| 22:13 | Build | Mill |
| 22:14 | Build | Farm |
| 22:14 | Build | Farm |
| 22:15 | Build | Farm |
| 22:15 | Build | Farm |
| 22:15 | Build | Farm |
| 22:15 | Build | Farm |
| 22:16 | Build | Farm |
| 22:16 | Build | Farm |
| 22:20 | Queue | Villager (Male) ×2 |
| 22:32 | Queue | Spearman ×2 |
| 22:37 | Queue | Spearman |
| 22:44 | Queue | Spearman |
| 22:49 | Queue | Villager (Male) |
| 22:58 | Build | Mill |
| 22:59 | Build | Farm |
| 22:59 | Build | Farm |
| 22:59 | Build | Farm |
| 23:00 | Build | Farm |
| 23:00 | Build | Farm |
| 23:00 | Build | Farm |
| 23:01 | Build | Farm |
| 23:01 | Build | Farm |
| 23:03 | Queue | Villager (Male) ×2 |
| 23:13 | Queue | Spearman |
| 23:19 | Queue | Villager (Male) |
| 23:20 | Queue | Villager (Male) |
| 23:42 | Queue | Villager (Male) ×3 |
| 23:58 | Queue | Spearman ×5 |
| 23:58 | Queue | Spearman |
| 24:06 | Queue | Villager (Male) |
| 24:15 | Queue | Monk |
| 24:22 | Queue | Villager (Male) ×3 |
| 24:34 | Build | Mill |
| 24:35 | Build | Farm |
| 24:35 | Build | Farm |
| 24:35 | Build | Farm |
| 24:36 | Build | Farm |
| 24:36 | Build | Farm |
| 24:36 | Build | Farm |
| 24:48 | Queue | Villager (Male) ×5 |
| 24:48 | Queue | Villager (Male) |
Match timeline
| 10:31 | Shanks ehh · age_up feudal |
| 13:03 | Lord6 · first_building Barracks |
| 13:26 | Lord6 · age_up feudal |
| 14:16 | Shanks ehh · first_building Barracks |
| 17:21 | Shanks ehh · age_up castle |
| 17:30 | Lord6 · age_up castle |
| 17:49 | Lord6 · first_building Monastery |
| 19:44 | Lord6 · first_building Stable |
| 20:01 | Shanks ehh · first_building Monastery |
| 26:19 | Shanks ehh · first_market_buy 100 stone |
| 28:44 | Lord6 · first_market_buy 100 stone |
| 28:53 | Lord6 · first_building Castle |
| 32:00 | Lord6 · first_building Siege Workshop |
| 33:12 | Lord6 · first_building Archery Range |
| 33:40 | Lord6 · age_up imperial |
| 33:58 | Lord6 · first_market_sell 500 wood |
| 34:52 | Shanks ehh · age_up imperial |
| 37:27 | Shanks ehh · first_building Castle |
| 38:55 | Shanks ehh · first_market_sell 100 wood |
| 47:27 | Lord6 · resign |
[ AI ANALYSIS · 1 CREDIT ]
What really happened in this match?
Wolo.gg analyzes every decision: build order, eco, micro, common mistakes by bracket. Personalized analysis on WhatsApp or Discord in 30 seconds.
Civ guide
Celts
Perfil
Jugador #4748558